 Dungeon Crawl Stone Soup version 0.28.0 (webtiles) character file.

Game seed: 4608704502753279363

32689 BeingJoeMalik the Impaler (level 13, -1/106 HPs)
             Began as a Merfolk Fighter on Feb 18, 2022.
             Was a High Priest of Kikubaaqudgha.
             Constricted to death by Jorgrun (5 damage)
             ... on level 12 of the Dungeon.
             The game lasted 01:08:55 (21904 turns).

BeingJoeMalik the Impaler (Merfolk Fighter)        Turns: 21904, Time: 01:08:55

Health: -1/106     AC:  8    Str: 17    XL:     13   Next: 66%
Magic:  23/23      EV:  6    Int: 10    God:    Kikubaaqudgha [*****.]
Gold:   580        SH: 14    Dex: 21    Spells: 18/26 levels left

rFire   . . .      SeeInvis .   G - +9 spear of Contention {freeze, rPois rN+ Stlth+}
rCold   . . .      Faith    .   c - +1 buckler
rNeg    + . .      Spirit   .   I - +0 troll leather armour
rPois   +          Reflect  +   e - +0 helmet
rElec   .          Harm     .   (no cloak)
rCorr   .          Rampage  .   f - +1 pair of gloves of Pan-Flutes {Will+ Regen+}
Will    +....                   (no boots)
Stlth   +++.......              J - amulet of reflection
HPRegen 1.87/turn               H - +6 ring of dexterity
MPRegen 0.18/turn               (no ring)

@: petrifying (expiring), grasped by roots, constricted, very slow
A: (nimble swimmer 2), mertail
a: Renounce Religion, Receive Corpses, Torment


You were on level 12 of the Dungeon.
You worshipped Kikubaaqudgha.
Kikubaaqudgha was extremely pleased with you.
You visited 3 branches of the dungeon, and saw 15 of its levels.

You collected 1594 gold pieces.
You spent 1014 gold pieces at shops.

Inventory:

Hand Weapons
 a - a +1 trident
 b - a +1 bardiche
 j - a +2 halberd of flaming
 G - the +9 spear of Contention (weapon) {freeze, rPois rN+ Stlth+}
   (You found it on level 10 of the Dungeon)

   It freezes those it strikes, dealing additional cold damage.
   It can also slow down cold-blooded creatures.
   rPois:     It protects you from poison.
   rN:        It protects you from negative energy.
   Stlth:     It makes you more stealthy.
 L - a +0 demon trident of electrocution
Missiles
 k - 19 poisoned darts
 n - 3 curare-tipped darts (quivered)
Armour
 c - a +1 buckler (worn)
 e - a +0 helmet (worn)
 f - the +1 pair of gloves of Pan-Flutes (worn) {Will+ Regen+}
   (You bought it in a shop on level 2 of the Orcish Mines)

   Regen:     It increases your rate of health regeneration.
   Will:      It increases your willpower.
 q - +1 swamp dragon scales
 w - the +2 robe of Elitism {rF++}
   (You took it off a gnoll on level 8 of the Dungeon)

   rF:        It greatly protects you from fire.
 y - the +8 orange crystal plate armour {Archmagi, Int+3 Clar}
   (You found it on level 5 of the Dungeon)

   Int:       It affects your intelligence (+3).
   Clar:      It protects you against confusion.
 I - a +0 troll leather armour (worn)
 N - a +1 robe of resistance
Jewellery
 H - a +6 ring of dexterity (left hand)
 J - an amulet of reflection (around neck)
Wands
 g - a wand of iceblast (15)
 r - a wand of charming (11)
 u - a wand of digging (11)
 v - a wand of mindburst (10)
 z - a wand of flame (32)
 B - a wand of polymorph (14)
 C - a wand of paralysis (6)
Scrolls
 d - 2 scrolls of enchant armour
 h - 2 scrolls of fog
 l - a scroll of blinking
 m - 2 scrolls of amnesia
 s - a scroll of summoning
 t - a scroll of magic mapping
 A - 3 scrolls of teleportation
 D - 5 scrolls of identify
 E - a scroll of holy word
Potions
 i - 3 potions of lignification
 o - 2 potions of magic
 p - 7 potions of curing
 x - a potion of haste
 F - a potion of cancellation
 K - 2 potions of might


   Skills:
 + Level 11.1 Fighting
 - Level 15.7 Polearms
 + Level 5.9 Armour
 + Level 8.4 Dodging
 - Level 1.2 Stealth
 * Level 11.2 Shields
 * Level 7.0 Spellcasting
 * Level 6.0 Necromancy


You had 18 spell levels left.
You knew the following spells:

 Your Spells              Type           Power      Damage    Failure   Level
a - Animate Skeleton      Necr           30%        N/A       2%          1
b - Vampiric Draining     Necr           15%        2d7       7%          3
c - Animate Dead          Necr           7%         N/A       22%         4

Your spell library contained the following spells:

 Spells                   Type           Power      Damage    Failure   Level
 Pain                     Necr           60%        1d7       2%          1
 Sublimation of Blood     Necr           15%        N/A       3%          2
 Corpse Rot               Necr/Air       18%        N/A       12%         2
 Dispel Undead            Necr           15%        3d10      22%         4
 Slow                     Hex            12%        N/A       26%         1
 Blink                    Tloc           6%         N/A       36%         2
 Wereblood                Tmut           3%         N/A       36%         2
 Agony                    Necr           15%        N/A       52%         5
 Excruciating Wounds      Necr           7%         N/A       52%         5
 Anguish                  Hex/Necr       4%         N/A       58%         4
 Confusing Touch          Hex            3%         N/A       61%         3
 Gell's Gravitas          Tloc           3%         N/A       61%         3
 Lesser Beckoning         Tloc           3%         N/A       61%         3
 Teleport Other           Tloc           3%         N/A       61%         3
 Tukima's Dance           Hex            3%         N/A       61%         3
 Borgnjor's Vile Clutch   Necr/Erth      4%         N/A       91%         5
 Manifold Assault         Tloc           3%         N/A       100%        5
 Enfeeble                 Hex            1%         N/A       100%        7
 Summon Hydra             Summ           1%         N/A       100%        7


Dungeon Overview and Level Annotations

Branches:
Dungeon (12/15)            Temple (0/1) D:6            Lair (1/6) D:11
    Orc (2/2) D:11            Elf (0/3) Orc:2

Altars:
Ashenzari
Gozag
Hepliaklqana
Kikubaaqudgha
Makhleb
Nemelex Xobeh
Okawaru
Qazlal
Ru
Sif Muna
Xom
The Shining One

Shops:
D:8 [[   Orc:1 ?   Orc:2 :([?*

Portals:
Pandemonium: Orc:2

Annotations:
D:6 1 runed translucent door, Arandomuser85's ghost, novice MiBe
D:7 2 transporters, browni3141's ghost, novice MiBe
D:8 exclusion: ice statue
D:10 1 runed translucent door
D:12 Jorgrun; Urug
Orc:2 1 runed translucent door, OhItsWolfy's ghost, journeyman MiFi


Innate Abilities, Weirdness & Mutations

((You are very nimble when in or above water. (Stealth+, EV+, Speed+++)))
Your lower body shifts to a powerful aquatic tail in water.


Message History

Jorgrun is severely wounded.
Jorgrun hits you but does no damage. The grasping roots constrict you!
You closely miss Jorgrun.
Jorgrun is severely wounded.
You barely miss Jorgrun.
Jorgrun is severely wounded.
You block Jorgrun's attack. The grasping roots constrict you!
You hit Jorgrun. You freeze Jorgrun.
Jorgrun is severely wounded.
You puncture Jorgrun! You freeze Jorgrun.
Jorgrun is severely wounded.
Jorgrun gestures at you while chanting.
You are slowing down.
The grasping roots constrict you!
Unknown command.
Okay, then.
Unknown command.
Throw: 5 darts (curare)
Press: ? - help, Q - select action, (/) - cycle Shift-Dir - straight line, f/p - Jorgrun
Aim: Jorgrun, wielding a staff of earth and wearing a +0 robe (severely wounded, fast, very poisoned, slow, 52% to hit)
You throw a curare-tipped dart.
The curare-tipped dart closely misses Jorgrun.
You block Jorgrun's attack. The grasping roots constrict you!
* * * LOW HITPOINT WARNING * * *
Your limbs are stiffening.
Unknown command.
Throw: 4 darts (curare)
Press: ? - help, Q - select action, (/) - cycle Shift-Dir - straight line, f/p - Jorgrun
Aim: Jorgrun, wielding a staff of earth and wearing a +0 robe (severely wounded, fast, very poisoned, slow, 52% to hit)
You throw a curare-tipped dart.
The curare-tipped dart barely misses Jorgrun.
Jorgrun hits you with a staff of earth!
* * * LOW HITPOINT WARNING * * *
Jorgrun shatters you!
* * * LOW HITPOINT WARNING * * *
The grasping roots constrict you!
* * * LOW HITPOINT WARNING * * *
You block Jorgrun's attack. The grasping roots constrict you!
You die...
Kikubaaqudgha rasps: "You have failed me!
Welcome... death!"

#........
#......(#
#.......# #..#
#..# #..#
#..########
#.g.......#
#<@.......+
#.........#
#.........# #
...........# #
............#
#
####.........#
# #.........#
# #........> #
#....#. #


You could see Jorgrun (fast, very poisoned, slow).

Vanquished Creatures
  An orc warlord (Orc:1)
  Josephine (Orc:1)
  A boulder beetle (D:11)
  Harold (D:8)
  2 demonspawn (Orc:2)
  Erica (D:8)
  4 two-headed ogres
  6 orc high priests (Orc:2)
  Sonja (D:12)
  A sixfirhy (Orc:2)
  4 orc knights
  7 orc sorcerers
  A cyclops (D:9)
  Maurice (D:11)
  Maggie (D:7)
  6 ice devils (D:8)
  3 trolls
  2 hornets
  6 wyverns
  5 yaks (D:4)
  7 wraiths
  A ynoxinul (Orc:2)
  A basilisk (D:12)
  Eustachio (D:5)
  2 steam dragons (D:8)
  A chaos spawn (Orc:2)
  The ghost of zeram the Sneak, an amateur OpEn of Yredelemnul (D:4)
  3 water moccasins
  36 orc warriors
  2 ice beasts
  5 sky beasts
  5 ogres
  A wolf (D:11)
  3 centaurs
  2 kobold brigands
  Blork the orc (D:5)
  A gnoll sergeant (D:8)
  2 bullfrogs
  A wyvern skeleton (D:7)
  9 killer bees
  13 wights
  4 electric eels
  6 howler monkeys
  A jelly (D:7)
  8 centaur zombies
  A bullfrog zombie (D:6)
  25 orc priests
  5 hounds (D:11)
  Ijyb (D:5)
  16 orc wizards
  An iguana (D:5)
  2 killer bee zombies
  A hound skeleton (D:4)
  Robin (D:3)
  8 gnolls
  3 howler monkey skeletons
  15 adders
  A white imp (D:6)
  6 ufetubi (D:8)
  An adder skeleton (D:4)
  68 orcs
  7 ball pythons
  4 bats
  7 endoplasms
  4 giant cockroaches
  11 goblins
  15 hobgoblins
  7 jackals
  5 quokkas
  2 frilled lizards (D:2)
  18 kobolds
  7 rats
414 creatures vanquished.

Vanquished Creatures (collateral kills)
  An orc knight (Orc:2)
  A centaur zombie (D:11)
  2 orc warriors (Orc:2)
  An orc (D:11)
5 creatures vanquished.

Vanquished Creatures (others)
  2 withered plants (D:6)
2 creatures vanquished.

Grand Total: 421 creatures vanquished

Notes
Turn   | Place    | Note
-------+----------+-------------------------------------------
     0 | D:1      | BeingJoeMalik the Merfolk Fighter began the quest for the
                  | Orb.
     0 | D:1      | Reached XP level 1. HP: 18/18 MP: 1/1
   149 | D:1      | Reached XP level 2. HP: 21/24 MP: 2/2
   817 | D:2      | Reached XP level 3. HP: 24/29 MP: 3/3
  1088 | D:2      | Reached skill level 4 in Polearms
  1373 | D:2      | Reached XP level 4. HP: 31/35 MP: 4/4
  1566 | D:2      | Reached skill level 5 in Polearms
  2340 | D:4      | Noticed a yak
  2340 | D:4      | Noticed a yak
  2412 | D:4      | Noticed Robin
  2414 | D:4      | Reached XP level 5. HP: 31/41 MP: 5/5
  2545 | D:3      | Killed Robin
  2546 | D:3      | Reached skill level 6 in Polearms
  2576 | D:4      | Found an ancient bone altar of Kikubaaqudgha.
  2683 | D:4      | Became a worshipper of Kikubaaqudgha
  3299 | D:3      | Reached skill level 7 in Polearms
  3848 | D:4      | Reached XP level 6. HP: 44/47 MP: 6/6
  3952 | D:4      | Noticed a yak
  3952 | D:4      | Noticed a yak
  3957 | D:4      | Noticed a yak
  3965 | D:4      | Killed a yak
  3966 | D:4      | Reached skill level 8 in Polearms
  3975 | D:4      | Killed a yak
  3976 | D:4      | Reached skill level 9 in Polearms
  3976 | D:4      | Reached skill level 1 in Stealth
  3976 | D:4      | Reached XP level 7. HP: 44/52 MP: 7/7
  3979 | D:4      | Killed a yak
  3980 | D:4      | Reached skill level 10 in Polearms
  3980 | D:4      | Reached skill level 5 in Shields
  3987 | D:4      | Killed a yak
  3994 | D:4      | Killed a yak
  3995 | D:4      | Reached skill level 11 in Polearms
  3995 | D:4      | Reached XP level 8. HP: 26/58 MP: 8/8
  4238 | D:4      | Reached * piety under Kikubaaqudgha
  4238 | D:4      | Received a gift from Kikubaaqudgha
  4241 | D:4      | Learned a level 1 spell: Animate Skeleton
  4450 | D:4      | Found a runed translucent gate.
  4450 | D:4      | Found a runed translucent gate.
  4451 | D:4      | Found a runed translucent gate.
  4453 | D:4      | Found an opulent altar of Gozag.
  4456 | D:4      | Noticed zeram's ghost (amateur OpEn)
  4481 | D:4      | Killed zeram's ghost
  4482 | D:4      | Reached skill level 12 in Polearms
  4639 | D:5      | Entered Level 5 of the Dungeon
  4639 | D:5      | Noticed Blork the orc
  4643 | D:5      | Killed Blork the orc
  4757 | D:5      | Found a glowing golden altar of the Shining One.
  5296 | D:5      | Noticed Eustachio
  5300 | D:5      | Found the +8 orange crystal plate armour {Archmagi, Int+3
                  | Clar}
  5329 | D:5      | Killed Eustachio
  5402 | D:5      | Found a sacrificial altar of Ru.
  5560 | D:5      | Noticed Ijyb
  5575 | D:5      | Killed Ijyb
  5576 | D:5      | Reached skill level 13 in Polearms
  6341 | D:6      | Found a staircase to the Ecumenical Temple.
  6351 | D:6      | Reached XP level 9. HP: 64/66 MP: 9/9
  6355 | D:6      | Identified the +1 leather armour "Geyrecor" {+Inv}
  6514 | D:6      | Reached skill level 1 in Dodging
  6698 | D:6      | Reached skill level 5 in Fighting
  7194 | D:6      | Learned a level 3 spell: Vampiric Draining
  7261 | D:6      | Reached skill level 14 in Polearms
  7318 | D:6      | Found a runed translucent door.
  7318 | D:6      | Noticed Arandomuser85's ghost (novice MiBe)
  8015 | D:7      | Reached skill level 1 in Spellcasting
  8083 | D:7      | Reached skill level 1 in Necromancy
  8152 | D:7      | Noticed Maggie
  8185 | D:7      | Killed Maggie
  8280 | D:7      | HP: 3/69 [poisoned by a water moccasin]
  8891 | D:7      | Reached XP level 10. HP: 28/77 MP: 9/13
  9134 | D:7      | Found a burning altar of Makhleb.
  9134 | D:7      | Noticed a blizzard demon
  9137 | D:7      | Noticed a smoke demon
  9161 | D:7      | Noticed browni3141's ghost (novice MiBe)
  9468 | D:7      | Found a shimmering blue altar of Sif Muna.
  9485 | D:7      | Found a transporter.
  9488 | D:7      | Found a transporter.
  9754 | D:8      | Noticed Erica
 10466 | D:8      | Killed Erica
 10684 | D:8      | Reached ** piety under Kikubaaqudgha
 10693 | D:8      | Reached skill level 15 in Polearms
 11252 | D:8      | Identified the +2 robe of Elitism {rF++}
 11735 | D:8      | Noticed an ice statue
 12457 | D:8      | Found a stormy altar of Qazlal.
 12660 | D:8      | Found Loinapiu's Armour Shoppe.
 12680 | D:8      | Reached XP level 11. HP: 77/84 MP: 14/14
 12826 | D:8      | Found Roixtiga's Armour Boutique.
 12829 | D:8      | Noticed Harold
 12871 | D:8      | HP: 4/83 [Harold (3)]
 12875 | D:8      | Killed Harold
 12876 | D:8      | Reached skill level 5 in Dodging
 13395 | D:8      | Found a shimmering altar of Xom.
 13395 | D:8      | Found a shimmering altar of Xom.
 13395 | D:8      | Found a shimmering altar of Xom.
 13395 | D:8      | Found a shimmering altar of Xom.
 13395 | D:8      | Found a shimmering altar of Xom.
 13396 | D:8      | Found a shimmering altar of Xom.
 13535 | D:9      | Found a broken altar of Ashenzari.
 13929 | D:9      | Reached *** piety under Kikubaaqudgha
 13929 | D:9      | Received a gift from Kikubaaqudgha
 13938 | D:9      | Learned a level 4 spell: Animate Dead
 14030 | D:9      | Noticed a two-headed ogre
 14035 | D:9      | Noticed a two-headed ogre
 14269 | D:8      | Killed a two-headed ogre
 15013 | D:9      | Killed a two-headed ogre
 15310 | D:9      | Noticed a cyclops
 15321 | D:9      | Killed a cyclops
 15322 | D:9      | Reached skill level 5 in Armour
 15498 | D:9      | Paralysed by a hornet for 3 turns
 15680 | D:10     | Entered Level 10 of the Dungeon
 15697 | D:10     | Identified the +1 great sword of Jitoanur {elec, +Blink
                  | Will+ rCorr Str-3}
 15920 | D:10     | Found an iron altar of Okawaru.
 15926 | D:10     | Identified the +9 spear of Contention {freeze, rPois rN+
                  | Stlth+}
 16046 | D:10     | Found a sparkling altar of Nemelex Xobeh.
 16383 | D:10     | Found a runed translucent door.
 16484 | D:10     | Found a hazy altar of Hepliaklqana.
 16810 | D:11     | Noticed a boulder beetle
 16840 | D:11     | Killed a boulder beetle
 17133 | D:11     | Found a staircase to the Orcish Mines.
 17315 | D:11     | Noticed a two-headed ogre
 17321 | D:11     | Noticed a two-headed ogre
 17330 | D:11     | Killed a two-headed ogre
 17331 | D:11     | Reached XP level 12. HP: 58/96 MP: 17/17
 17344 | D:11     | Killed a two-headed ogre
 17535 | D:11     | Found a staircase to the Lair.
 17741 | D:11     | Reached **** piety under Kikubaaqudgha
 18179 | D:12     | Noticed Sonja
 18186 | D:12     | Killed Sonja
 18333 | D:12     | Noticed Urug
 18405 | Lair:1   | Entered Level 1 of the Lair of Beasts
 18415 | Lair:1   | Noticed a six-headed hydra
 18463 | Orc:1    | Entered Level 1 of the Orcish Mines
 18463 | Orc:1    | Noticed Maurice
 18478 | D:11     | Killed Maurice
 18494 | Orc:1    | Noticed Josephine
 18656 | Orc:1    | Killed Josephine
 18939 | Orc:2    | Entered Level 2 of the Orcish Mines
 18987 | Orc:2    | Reached skill level 10 in Fighting
 18989 | Orc:2    | Found Yneduoj's Armour Shoppe.
 19112 | Orc:2    | Noticed an orc warlord
 19149 | Orc:1    | Killed an orc warlord
 19150 | Orc:1    | Reached skill level 10 in Shields
 19319 | Orc:2    | Paralysed by an orc sorcerer for 7 turns
 19334 | Orc:2    | Reached skill level 5 in Spellcasting
 19385 | Orc:2    | Bought the +1 pair of gloves of Pan-Flutes {Will+ Regen+}
                  | for 287 gold pieces
 19390 | Orc:2    | Reached ***** piety under Kikubaaqudgha
 19606 | Orc:2    | Found Coag's Magic Scroll Shop.
 19632 | Orc:2    | Found Geyjub's General Store.
 19684 | Orc:2    | Bought a scroll of blinking for 97 gold pieces
 19820 | Orc:2    | Reached skill level 5 in Necromancy
 19820 | Orc:2    | Reached XP level 13. HP: 84/104 MP: 21/21
 20262 | Orc:2    | Found Yguehunn's Antique Weapon Shoppe.
 20262 | Orc:2    | Found a one-way gate leading to the halls of Pandemonium.
 20262 | Orc:2    | Found Coozxa's Book Emporium.
 20375 | Orc:2    | Found a staircase to the Elven Halls.
 20478 | Orc:2    | Bought a runed demon trident for 630 gold pieces
 20559 | Orc:2    | Found a runed translucent door.
 20560 | Orc:2    | Found a shimmering altar of Xom.
 20560 | Orc:2    | Noticed OhItsWolfy's ghost (journeyman MiFi)
 20590 | Orc:2    | Identified the +5 trident "Aqapeet" {chaos, Drain rF+ Int+7
                  | Stlth+}
 21419 | Orc:1    | Found Goigguah's Magic Scroll Emporium.
 21875 | D:12     | Noticed Jorgrun
 21904 | D:12     | HP: 4/106 [constriction (9)]
 21904 | D:12     | Constricted to death by Jorgrun

Illustrated notes

Levels and vault maps discovered:
D:1:      saegor_arrival_simple_a, layout_basic, hangedman_glass_teeth
D:2:      kennysheep_big_flooded_room, layout_basic, serial_glass,
          glass_columns_b, glass_columns_b, minmay_increasing_density
D:3:      layout_basic, st_stairs_3
D:4:      layout_cave_pools, mainiacjoe_overflow_six_doors_small,
          ebering_ghost_gozag, columned_hall_lemuel,
          chequers_serial_rivers_micro_a, uniq_robin
D:5:      layout_layer_cave, mainiacjoe_overflow_brackets, old_standard_altar,
          uniq_blork_the_orc, uniq_eustachio, uniq_ijyb
D:6:      layout_layer_cave, minmay_temple_entry_glass, gammafunk_ghost_grave,
          grunt_decor_junction
D:7:      layout_loops_ring, makhleb_altar_promises_db, tgw_sif,
          gammafunk_ghost_arena, minivault_1, uniq_maggie
D:8:      cheibrodos_frozen_isle, layout_rooms,
          nicolae_qazlal_style_of_elements, xom_shifter_show, serial_shops,
          nicolae_square_shop, nicolae_shop_advertising_works
          [nicolae_subvault_shop_adworks], uniq_harold, uniq_erica
D:9:      layout_basic, ashenzari_conservatory_becter, lightli_minifort
D:10:     layout_stronghold, marbit_many_paths, general_overflow_altar,
          okawaru_ov_weapons_minmay, minmay_crystal_water,
          lightli_church_of_beogh
D:11:     layout_stronghold, erik_lair_island, david_orc_3
D:12:     layout_grid_maze, uniq_sonja, uniq_jorgrun, uniq_urug
Lair:1:   layout_hall_layers, grunt_megastairs_3
Orc:1:    cheibrodos_orc_bank, layout_caves, serial_shops, shop, uniq_josephine,
          uniq_maurice
Orc:2:    pf_orc_diabolical, layout_caves, ebering_ghost_xom, serial_shops,
          nicolae_shop_behind_doors

Skill      XL: |  1  2  3  4  5  6  7  8  9 10 11 12 13 |
---------------+----------------------------------------+-----
Polearms       | 4 5 7 9 11 13 14 15 | 15.7
Shields        | 4 5 7 8 10 11 | 11.2
Stealth        | 1 |  1.2
Fighting       | 4 6 8 9 10 11 | 11.1
Armour         | 3 4 5 |  5.9
Dodging        | 3 4 6 7 8 |  8.4
Spellcasting   | 2 3 5 7 |  7.0
Necromancy     | 2 3 5 6 |  6.0

Action                   |  1- 3 |  4- 6 |  7- 9 | 10-12 | 13-15 || total
-------------------------+-------+-------+-------+-------+-------++-------
Melee: Trident           |   105 |   174 |   404 |   732 |       ||  1415
       Tailslap          |       |       |     1 |    15 |       ||    16
       Spear             |       |       |       |   555 |   331 ||   886
Throw: Dart              |       |       |     4 |    32 |     3 ||    39
       Throwing net      |       |       |       |     2 |       ||     2
 Cast: Animate Skeleton  |       |       |     2 |    34 |    11 ||    47
       Vampiric Draining |       |       |       |       |     7 ||     7
Evoke: Wand              |       |       |     4 |     5 |     2 ||    11
  Use: Scroll            |       |     7 |     8 |     1 |       ||    16
       Potion            |       |     2 |     6 |     4 |     1 ||    13
 Stab: Paralysed         |       |       |     9 |     3 |       ||    12
       Sleeping          |       |       |       |     4 |     3 ||     7
       Distracted        |       |       |       |     3 |       ||     3
       Held in net/web   |       |       |       |     3 |       ||     3
Armor: Scale mail        |    48 |    57 |    49 |       |       ||   154
       Skin              |       |       |    41 |       |       ||    41
       Swamp dragon scal |       |       |    17 |    69 |       ||    86
       Leather armour    |       |       |    14 |       |       ||    14
       Troll leather arm |       |       |       |    27 |    27 ||    54
Dodge: Dodged            |    44 |    54 |   111 |   243 |    83 ||   535
Block: Buckler           |    17 |    47 |    60 |   244 |   100 ||   468
       Reflection        |       |       |       |     4 |     2 ||     6
